 Dungeon Crawl Stone Soup version 0.28-a0-1130-gc51a68064b (webtiles) character file.

Game seed: 14145859992429066753

7 ytrimaz the Insei (level 2, -2/18 HPs)
             Began as an Octopode Transmuter on Dec 12, 2021.
             Slain by a jackal (3 damage)
             ... on level 1 of the Dungeon.
             The game lasted 00:00:16 (139 turns).

ytrimaz the Insei (Octopode Transmuter)              Turns: 139, Time: 00:00:16

Health: -2/18      AC:  1    Str:  9    XL:     2   Next: 4%
Magic:  5/5        EV: 13    Int: 15    God:
Gold:   0          SH:  0    Dex: 12    Spells: 4/5 levels left

rFire   . . .      SeeInvis .     - Unarmed
rCold   . . .      Faith    .   (no shield)
rNeg    . . .      Spirit   .   (helmet restricted)
rPois   .          Reflect  .   (no amulet)
rElec   .          Harm     .   (no ring)
rCorr   .          Rampage  .   (no ring)
Will    .....                   (no ring)
Stlth   ++........              (no ring)
HPRegen 0.06/turn               (no ring)
MPRegen 0.09/turn               (no ring)
                                (no ring)
                                (no ring)

@: no status effects
A: almost no armour, amphibious, 8 rings, camouflage 1, gelatinous body 1,
(nimble swimmer 1), tentacles
a: no special abilities


You were on level 1 of the Dungeon.
You visited 1 branch of the dungeon, and saw 1 of its levels.

Inventory:

Potions
 b - a potion of mutation {unknown}
 c - a potion of resistance {unknown}


   Skills:
 * Level 1.2 Fighting
 * Level 2.1 Dodging
 - Level 3.0 Unarmed Combat
 * Level 2.2 Spellcasting
 * Level 2.1 Transmutations


You had 4 spell levels left.
You knew the following spells:

 Your Spells              Type           Power      Damage    Failure   Level
a - Beastly Appendage     Tmut           16%        N/A       9%          1

Your spell library contained the following spells:

 Spells                   Type           Power      Damage    Failure   Level
 Wereblood                Tmut           8%         N/A       14%         2
 Spider Form              Tmut/Pois      4%         N/A       38%         3
 Ice Form                 Ice/Tmut       4%         N/A       80%         4


Dungeon Overview and Level Annotations

Branches:
Dungeon (1/15)

Altars:


Innate Abilities, Weirdness & Mutations

You cannot wear most types of armour.
You are amphibious.
You can wear up to eight rings at the same time.
Your skin changes colour to match your surroundings (Stealth+).
Your rubbery body absorbs attacks. (AC +1, EV +1)
((You are camouflaged near water. (Stealth+)))
You have tentacles for arms and can constrict up to eight enemies at once.


Message History

The jackal barks!
The jackal misses you.
You tentacle-slap the jackal. Your grab misses the jackal.
You squeeze the jackal.
You kill the jackal!
The jackal closely misses you. The jackal completely misses you.
The jackal barely misses you.
You barely miss the jackal. You grab the jackal.
You squeeze the jackal, but do no damage.
You constrict the jackal, but do no damage.
The rat seems to regain its courage.
The jackal bites you. The jackal misses you. The jackal bites you.
You tentacle-slap the jackal but do no damage.
You constrict the jackal. The jackal closely misses you. The jackal bites you.
You are too injured to fight recklessly!
You are too injured to fight recklessly!
You tentacle-slap the jackal. You squeeze the jackal.
You kill the jackal!
The jackal bites you.
* * * LOW HITPOINT WARNING * * *
The jackal closely misses you.
You have reached level 2!
You tentacle-slap the jackal. Your grab misses the jackal.
The jackal is almost dead.
The jackal barely misses you.
Unknown command.
You completely miss the jackal. Your grab misses the jackal.
The jackal is almost dead.
The jackal bites you.
* * * LOW HITPOINT WARNING * * *
The rat closely misses you.
Unknown command.
You tentacle-slap the rat.
You kill the rat!
The jackal barely misses you. The jackal misses you.
Unknown command.
You barely miss the jackal. Your grab misses the jackal.
The jackal is almost dead.
The jackal bites you.
You die...

#.#.##.#.#.###.# §§# #
..#.##.#.#.....###.###....
................§§§§....$.
########.#########.§##..#.
#. #...........#
##...........#
.............#
#............#
#...!.h@.....#
#.##########.# .# .. .. ..


You could see a jackal.

Vanquished Creatures
  A ball python (D:1)
  An endoplasm (D:1)
  2 jackals (D:1)
  A quokka (D:1)
  A rat (D:1)
6 creatures vanquished.

Notes
Turn   | Place    | Note
-------+----------+-------------------------------------------
     0 | D:1      | ytrimaz the Octopode Transmuter began the quest for the
                  | Orb.
     0 | D:1      | Reached XP level 1. HP: 13/13 MP: 3/3
   136 | D:1      | Reached XP level 2. HP: 3/18 MP: 5/5
   139 | D:1      | Slain by a jackal

Illustrated notes

Levels and vault maps discovered:
D:1:      dpeg_arrival_tiny_a, layout_basic, serial_shops, shop

Action                   || total
-------------------------++-------
Melee: Unarmed           ||    11
       Constrict         ||     3
       Tentacles         ||     3
       Kick              ||     2
 Cast: Beastly Appendage ||     1
  Use: Scroll            ||     2
 Stab: Sleeping          ||     1
Dodge: Dodged            ||    11

Table legend: (Time is in decaauts)
 A = Elapsed time spent in this place.
 B = Non-inter-level travel time spent in this place.
 C = Inter-level travel time spent in this place.
 D = Time resting spent in this place.
 E = Time spent auto-exploring this place.
 F = Levels seen in this place.
 G = Mean time per level.
                   A        B        C        D        E       F      G
               +--------+--------+--------+--------+--------+-----+--------+
         Total |    138 |    138 |      0 |      0 |     98 |   1 |  138.0 |
       Dungeon |    138 |    138 |      0 |      0 |     98 |   1 |  138.0 |
               +--------+--------+--------+--------+--------+-----+--------+

Top non-repeatable levels by time:
     D:1: 138 daAuts
